AoeStats
← Chris

Black Forest

506047035Analyzed
4v4 RM · 20d ago on Sep 12, 2026· 28m 31s· 8 players
Game mode
Random Map
Map size
Large (8 player)
Population
200
Speed
Normal
Resources
Standard
Victory
Conquest
Starting age
Dark Age
Ending age
Imperial Age
RankedLock teamsTeams togetherTeam positionsShared explorationLock speedFull tech treeHidden civsTurbo modeCheats
Victory
Defeat
🇫🇷 Bohemians · France
1384
+16
1337
+18
🇺🇸 Saracens · United States
1324
+18
🇨🇳 Slavs · China
1310
+18
🇻🇳 Persians · Vietnam
1387
-18
🇺🇸 Ethiopians · United States
1386
-18
🇻🇳 Slavs · Vietnam
1361
-17
🇭🇰 Mongols · Hong Kong SAR China
1347
-17
AI (HD Version)
7:33 Loom
11:20 Feudal Age
11:52 Double-Bit Axe
16:26 Castle Age
16:49 Gold Mining
22:26 Bow Saw
22:31 Fishing Lines
27:37 Gold Shaft Mining
30:18 Imperial Age
29:15 Wheelbarrow
HuynhSon
1:45 Loom
11:16 Feudal Age
16:01 Castle Age
14:15 Double-Bit Axe
16:50 Bow Saw
21:15 Horse Collar
22:11 Stone Mining
danganharmy
0:50 Loom
13:17 Feudal Age
19:10 Double-Bit Axe
19:37 Fletching
Eizenh3im
0:26 Loom
14:16 Feudal Age
14:58 Double-Bit Axe
14:54 Horse Collar
18:12 Castle Age
19:06 Bow Saw
21:53 Wheelbarrow
25:32 Hand Cart
27:00 Gold Mining
27:01 Stone Mining
28:16 Scale Mail Armor
28:27 Forging
28:30 Heavy Plow
29:08 Gold Shaft Mining
29:09 Stone Shaft Mining
C.A | Sagittis Hungarorum
11:18 Feudal Age
14:59 Castle Age
13:33 Double-Bit Axe
15:05 Fishing Lines
16:06 Bow Saw
17:29 Gillnets
17:47 Horse Collar
21:11 Wheelbarrow
26:04 Gold Mining
28:46 Imperial Age
26:33 Hand Cart
26:21 Heavy Plow
26:16 Stone Mining
26:14 Loom
27:33 Gold Shaft Mining
27:03 Padded Archer Armor
28:03 Leather Archer Armor
27:59 Forging
27:54 Scale Barding Armor
28:11 Ballistics
28:02 Masonry
Chris
1:31 Loom
13:01 Feudal Age
13:35 Double-Bit Axe
14:05 Horse Collar
16:34 Fletching
17:10 Gold Mining
21:30 Wheelbarrow
25:22 Castle Age
26:25 Bow Saw
26:07 Gold Mining
26:08 Stone Mining
26:20 Heavy Plow
27:17 Hand Cart
28:25 Gold Shaft Mining
543880365
11:50 Feudal Age
15:26 Castle Age
13:52 Double-Bit Axe
14:06 Fishing Lines
14:52 Horse Collar
16:45 Wheelbarrow
16:34 Bow Saw
17:02 Heavy Plow
21:14 Loom
21:45 Hand Cart
22:47 Stone Mining
24:15 Gold Mining
25:47 Town Watch
26:15 Scale Barding Armor
26:20 Forging
28:48 Imperial Age
27:35 Chain Barding Armor
28:13 Gold Shaft Mining
28:14 Detinets
29:07 Iron Casting
28:35 Husbandry
28:45 Bloodlines
Coquelicot
1:13 Loom
12:15 Feudal Age
16:02 Castle Age
13:52 Double-Bit Axe
22:02 Wheelbarrow
23:49 Horse Collar
25:35 Heavy Plow
27:19 Bow Saw
26:59 Fishing Lines
30:01 Imperial Age
28:16 Fletching
28:27 Padded Archer Armor
29:34 Chemistry
29:00 Hand Cart
Connection lost

Rejoining the realm…

Still unreachable

The connection could not be restored.

Session expired

The server has moved on; the page needs a fresh start.